AoeStats
← VIT Liereyy

Four Lakes

508432244Analyzed
1v1 RM · 10d ago on Sep 22, 2026· 21m 36s· 2 players
Game mode
Random Map
Map size
Tiny (2 player)
Population
200
Speed
Normal
Resources
Standard
Victory
Conquest
Starting age
Dark Age
Ending age
Imperial Age
RankedLock teamsTeams togetherTeam positionsShared explorationLock speedFull tech treeHidden civsTurbo modeCheats
Victory
Defeat
🇦🇹 Bengalis · Austria
2916
+1
🇹🇼 Wei · Taiwan
2250
-1
VIT Liereyy
9:32 Loom
11:47 Feudal Age
13:29 Double-Bit Axe
16:11 Castle Age
14:02 Fletching
15:00 Fishing Lines
16:49 Bodkin Arrow
17:46 Bow Saw
19:00 Padded Archer Armor
22:32 Ballistics
ANKR.Tank20089
6:47 Loom
9:26 Feudal Age
10:13 Double-Bit Axe
10:35 Man-at-Arms
10:53 Man-at-Arms
20:17 Castle Age
19:07 Fletching
19:23 Stone Mining
20:01 Fishing Lines
20:07 Fishing Lines
21:35 Bodkin Arrow
Connection lost

Rejoining the realm…

Still unreachable

The connection could not be restored.

Session expired

The server has moved on; the page needs a fresh start.